 Dungeon Crawl Stone Soup version 0.31.0-9-g3a7656b989 (webtiles) character file.

Game seed: 3051236491230681085

126611 Baz the Black Belt (level 16, -3/152 HPs)
             Began as a Red Draconian Shapeshifter on Jan 26, 2024.
             Was the Champion of Elyvilon.
             Slain by a ghoul (14 damage)
             ... on level 1 of the Swamp.
             The game lasted 01:08:08 (26278 turns).

Baz the Black Belt (Red Draconian Shapeshifter)    Turns: 26278, Time: 01:08:09

Health: -3/152     AC: 18    Str: 17    XL:     16   Next: 44%
Magic:  6/29       EV: 21    Int: 12    God:    Elyvilon [******]
Gold:   1659       SH:  2    Dex: 17    Spells: 15/15 levels left

rFire   + +          .
                       - Unarmed
rCold   + . .        (no shield)
rNeg    . . .        (body armour unavailable)
rPois   .            (helmet restricted)
rElec   .            Y - +1 cloak {Stlth+}
rCorr   .            V - +3 Mad Mage's Maulers {Infuse+∞ VampMP -Cast}
SInv    .            o - +0 pair of boots
Will    +....        t - amulet of magic regeneration
Stlth   +++          Q - ring of the Octopus King {rC+ HP+2 AC+2 EV+2 SH+2}
HPRegen 0.45/turn    s - ring "Ydisin" {rF+ MP+9}
MPRegen 0.61/turn

%: no spellcasting, infuse magic (6 MP)
@: lethally poisoned (-3 -> -7), maw-form, hasted, studying Fighting, very quick
A: devouring maw, breathe fire, AC +9, unfitting armour, fire resistance 1,
cold-blooded
a: Breathe Fire, Begin Untransformation, Renounce Religion, Purification, Heal
Other, Heal Self, Divine Vigour


You were on level 1 of the Swamp.
You worshipped Elyvilon.
Elyvilon was exalted by your worship.
You were a creature with a mouth for a stomach.
You visited 4 branches of the dungeon, and saw 23 of its levels.
You also visited: Ossuary and Gauntlet.

You collected 3071 gold pieces.
You spent 1412 gold pieces at shops.

Inventory:

Armour
 o - a +0 pair of boots (worn)
 V - the +3 Mad Mage's Maulers (worn) {Infuse+∞ VampMP -Cast}
   (You found it on level 2 of the Lair of Beasts)

   Infuse+∞: It empowers its wearer's blows with all of their magic.
   VampMP:    Blows struck in melee replenish the wearer's magic.
   -Cast:     It prevents spellcasting.
 Y - a +1 cloak of stealth (worn)
Jewellery
 s - the ring "Ydisin" (right hand) {rF+ MP+9}
   (You found it in a Gauntlet)

   [ring of magical power]

   rF+:       It protects you from fire.
   MP+9:      It affects your magic capacity (+9).
 t - an amulet of magic regeneration (around neck)
 M - a ring of willpower
 Q - a ring of the Octopus King (left hand) {rC+ HP+2 AC+2 EV+2 SH+2}
   (You found it on level 14 of the Dungeon)

   [ring of protection from cold]

   AC+2:      It affects your AC (+2).
   EV+2:      It affects your evasion (+2).
   rC+:       It protects you from cold.
   HP+2:      It affects your health (+2).
   SH+2:      It affects your SH (+2).
Talismans
 c - a flux talisman
 O - a maw talisman (active)
Wands
 x - a wand of iceblast (15)
 I - a wand of flame (46)
 J - a wand of acid (16)
 K - a wand of polymorph (25)
 R - a wand of paralysis (12)
 U - a wand of mindburst (11)
Scrolls
 e - 2 scrolls of brand weapon
 g - 2 scrolls of enchant armour
 j - 5 scrolls of blinking
 k - a scroll of identify
 n - 2 scrolls of silence
 r - 7 scrolls of teleportation
 v - 2 scrolls of enchant weapon
 w - 4 scrolls of poison
 y - 4 scrolls of immolation
 z - 6 scrolls of revelation
 D - 2 scrolls of amnesia
 H - 2 scrolls of vulnerability
 L - 2 scrolls of fog
 S - 3 scrolls of fear
 T - 3 scrolls of butterflies
Potions
 a - 3 potions of lignification
 b - 2 potions of mutation {unknown}
 d - 5 potions of brilliance
 f - a potion of experience {unknown}
 h - 5 potions of might {unknown}
 i - 6 potions of haste
 l - 3 potions of resistance
 m - 13 potions of curing {unknown}
 p - 3 potions of berserk rage {unknown}
 q - 2 potions of degeneration {unknown}
 u - 4 potions of magic {unknown}
 B - 4 potions of enlightenment
 E - 2 potions of ambrosia
 F - 4 potions of attraction {unknown}
 G - 3 potions of invisibility {unknown}
 Z - 4 potions of heal wounds {unknown}
Miscellaneous
 P - a tin of tremorstones (2/2)
 W - a phantom mirror (inert)


   Skills:
 + Level 15.6 Fighting
 - Level 11.4 Dodging
 * Level 19.0 Unarmed Combat
 + Level 6.4 Invocations
 + Level 13.5 Shapeshifting


You had 15 spell levels left.
You didn't know any spells.
Your spell library contained the following spells:

 Spells                   Type           Power      Damage    Failure   Level
 Blink                    Tloc           0%         N/A       45%         2
 Ensorcelled Hibernation  Hex/Ice        0%         N/A       45%         2
 Gell's Gravitas          Tloc           0%         N/A       69%         3
 Passwall                 Erth           0%         N/A       69%         3
 Swiftness                Air            0%         N/A       69%         3
 Teleport Other           Tloc           0%         N/A       69%         3
 Brom's Barrelling Bould  Conj/Erth      0%         2d3       97%         4
 Manifold Assault         Tloc           0%         N/A       97%         4
 Sticky Flame             Fire/Alch      0%         2d4       97%         4
 Vhi's Electric Charge    Tloc/Air       0%         N/A       97%         4
 Fireball                 Conj/Fire      0%         3d3       100%        5
 Iskenderun's Battlesphe  Conj           0%         2d6       100%        5
 Conjure Ball Lightning   Conj/Air       0%         3x3d6     100%        6
 Dispersal                Tloc           0%         N/A       100%        6
 Orb of Destruction       Conj           0%         9d5       100%        7
 Discord                  Hex            0%         N/A       100%        8
 Disjunction              Tloc           0%         N/A       100%        8


Dungeon Overview and Level Annotations

Branches:
Dungeon (15/15)            Temple (0/1) D:5            Lair (5/5) D:10
  Swamp (1/4) Lair:2       Spider (0/4) Lair:2        Slime (0/5) Lair:4
    Orc (2/2) D:12            Elf (0/3) Orc:2        Vaults (0/5) D:13
Ossuary (visited)         Gauntlet (visited)
 Depths: D:15

Altars:
Cheibriados
Dithmenos
Elyvilon
Fedhas
Gozag
Hepliaklqana
Kikubaaqudgha
Makhleb
Nemelex Xobeh
Okawaru
Sif Muna
Uskayaw
Vehumet
Xom
Yredelemnul
Jiyva

Shops:
D:7 :   Orc:1 *   Orc:2 [((*:

Annotations:
D:2 Sigmund
D:8 exclusion: statue
D:15 Jorgrun
Lair:4 1 runed translucent door
Lair:5 Urug


Innate Abilities, Weirdness & Mutations

You are a creature with a mouth for a stomach.
Your midsection houses a second, enormous mouth.
You can breathe blasts of fire.
Your fiery red scales are hard. (AC +9)
You cannot fit into any form of body armour.
Your flesh is heat resistant. (rF+)
You are cold-blooded and may be slowed by cold attacks.


Message History

Unknown command.
You pummel the spriggan!!
You bite the spriggan, but do no damage.
The spriggan is severely wounded.
You feel very sick.
You pummel the spriggan!!
You devour the spriggan!
You feel better.
You kill the spriggan!
You feel very sick.
Your Unarmed Combat skill increases to level 19!
You pummel the ghoul!! Your bite misses the ghoul.
The ghoul is lightly damaged.
You feel very sick. The ghoul claws you but does no damage.
The ghoul claws you!
You hit the ghoul. You bite the ghoul.
The ghoul is moderately damaged.
You feel sick.
An alligator comes into view.
You punch the ghoul! Your punch misses the ghoul.
The ghoul is moderately damaged.
You feel very sick. The ghoul closely misses you. The ghoul misses you.
You pummel the ghoul!! Your punch misses the ghoul. You bite the ghoul.
The ghoul is heavily damaged.
You feel sick. The ghoul claws you! x2
* * * LOW HITPOINT WARNING * * *
Unknown command.
You barely miss the ghoul. You tail-slap the ghoul. You bite the ghoul!
The ghoul is severely damaged.
You feel sick.
You closely miss the ghoul. You tail-slap the ghoul.
You bite the ghoul, but do no damage.
The ghoul is severely damaged.
You feel sick. The ghoul claws you!
* * * LOW HITPOINT WARNING * * *
The ghoul claws you!
* * * LOW HITPOINT WARNING * * *
You feel yourself speed up.
You feel sick. The ghoul claws you! Elyvilon protects you from harm!
The ghoul claws you!
You die...

~~.~~~♣ ♣)~..~.♣~....~...♣♣♣
~~~~~.♣ ♣♣♣♣♣♣♣♣♣♣♣........♣
.~~♣♣♣♣♣♣♣♣.)...♣♣.....~...♣♣
~~♣♣♣♣♣...............~~~..♣
§.♣♣♣......♣♣........#####..♣
~.♣♣.§.♣♣♣♣♣♣♣♣♣...♣♣#♣~.#..♣
~.♣~~~~≈♣ ♣≈≈♣♣≈≈≈♣ #.♣♣#≈≈♣
.~♣~...♣♣ ♣~~~♣♣♣♣♣ #♣ #♣≈♣
♣♣♣~....♣ ≈♣.†..W)♣.. ♣♣
♣≈..#~####.####n#.
♣≈..#)~#~~#..#♣l~...~.n
♣≈♣...♣#~~#.~#.~#♣♣≈≈≈.
♣≈♣♣#~.#~§#..#~.# ##
♣≈♣♣##§####.#####
♣≈♣.#.~~~##...♣nZ
♣≈♣.#...)♣#♣~♣#.#
♣≈..#~~~..♣.~#..#


You could see 2 ghouls, an alligator and a spectral spriggan berserker.

Vanquished Creatures
  Rupert (D:13)
  Louise (Swamp:1)
  An orc warlord (Orc:1)
  An eleionoma (Swamp:1)
  Nessos (D:13)
  A minotaur (Gauntlet)
  2 bunyips (Swamp:1)
  A fire dragon (Lair:5)
  A great orb of eyes (Gauntlet)
  12 hydras
  4 centaur warriors
  A catoblepas (Lair:5)
  4 two-headed ogres
  8 boulder beetles
  2 alligators (Swamp:1)
  A tengu warrior (D:12)
  13 death yaks
  6 orc high priests (Orc:2)
  2 spriggans (Swamp:1)
  Sonja (D:10)
  A soul eater (Gauntlet)
  A deep elf knight (D:13)
  Lodul (D:14)
  Amaemon (D:8)
  6 skeletal warriors (D:15)
  6 bog bodies (Swamp:1)
  An arcanist (D:12)
  2 wolf spider zombies (D:15)
  4 orc knights
  A swamp dragon (Lair:2)
  A lindwurm (Lair:5)
  Pikel (D:8)
  A harpy (shapeshifter) (D:14)
  6 ugly things
  A deep elf pyromancer (D:13)
  5 orc sorcerers
  3 manticores
  6 cyclopes
  A spectral spriggan (Swamp:1)
  A kobold blastminer (Orc:1)
  A meliai (Lair:2)
  Maurice (D:10)
  16 elephants
  12 black mambas
  An orange demon (D:8)
  5 centaur zombies (D:15)
  4 gargoyles
  6 torpor snails
  2 minotaur zombies (Gauntlet)
  12 komodo dragons
  22 cane toads
  An unseen horror (D:12)
  3 yaktaurs (D:13)
  2 efreet
  A kobold demonologist (D:13)
  2 tengu conjurers
  7 rime drakes
  2 redback zombies (D:15)
  6 trolls
  2 polar bears
  10 hornets
  7 dream sheep
  4 tyrant leeches (Lair:5)
  Prince Ribbit (D:8)
  18 blink frogs
  19 slime creatures
  A vampire (D:15)
  2 shadows
  4 wyverns
  45 yaks
  3 wraiths
  3 wargs
  6 basilisks
  4 steam dragons
  9 vampire mosquitoes
  5 swamp worms (Swamp:1)
  Edmund (D:5)
  2 acid dragons
  13 water moccasins
  A swamp drake (Swamp:1)
  28 orc warriors
  A sky beast (D:6)
  An ice beast (D:6)
  3 black bears
  2 laughing skulls (D:13)
  13 wolves
  12 ogres
  A lemure (D:8)
  15 centaurs
  4 kobold brigands
  11 bullfrogs
  4 scorpions
  2 water moccasin zombies (Ossuary)
  A gnoll sergeant (D:8)
  A burial acolyte (Ossuary)
  4 wights (D:9)
  3 killer bees (Lair:2)
  9 howler monkeys
  2 bombardier beetles
  Crazy Yiuf (D:5)
  6 jellies
  16 orc priests
  2 hounds (D:5)
  A spectral scorpion (Ossuary)
  2 gnoll boudas
  2 sleepcaps
  Terence (D:3)
  Jessica (D:2)
  3 iguanas
  22 orc wizards
  A boggart zombie (D:15)
  Natasha (thrice) (D:2)
  2 crocodile zombies (Ossuary)
  2 mummies (Ossuary)
  4 adders
  12 gnolls
  6 shadow imps
  2 white imps (D:7)
  5 ufetubi
  2 adder zombies (Ossuary)
  3 dart slugs
  A ribbon worm (D:3)
  52 orcs
  2 ball pythons (D:2)
  2 bat zombies (D:3)
  6 endoplasms
  2 giant cockroaches
  13 gnoll zombies (Ossuary)
  3 goblins
  A hobgoblin (D:1)
  7 jackals
  16 kobolds
  4 quokkas
  7 bats
  3 frilled lizards
  A frilled lizard zombie (D:3)
  3 jackal zombies (Ossuary)
  2 orc zombies (Ossuary)
  2 rats (D:1)
723 creatures vanquished.

Vanquished Creatures (collateral kills)
  Agnes (D:15)
1 creature vanquished.

Vanquished Creatures (others)
  A bog body (Swamp:1)
  2 bloated husks (Swamp:1)
3 creatures vanquished.

Grand Total: 727 creatures vanquished

Notes
Turn   | Place    | Note
-------+----------+-------------------------------------------
     0 | D:1      | Baz the Draconian Shapeshifter began the quest for the Orb.
     0 | D:1      | Reached XP level 1. HP: 16/16 MP: 1/1
   352 | D:1      | Reached XP level 2. HP: 21/23 MP: 2/2
   774 | D:1      | Found a faded altar of an unknown god.
   784 | D:1      | Prayed at the altar of an unknown god.
   784 | D:1      | Became a worshipper of Elyvilon the Healer
   784 | D:1      | Reached * piety under Elyvilon
   915 | D:2      | Reached XP level 3. HP: 29/29 MP: 3/3
   953 | D:2      | Noticed Jessica
   954 | D:2      | Noticed Sigmund
   983 | D:2      | Killed Jessica
  1424 | D:2      | Noticed Natasha
  1434 | D:2      | Killed Natasha
  1435 | D:2      | Reached skill level 4 in Unarmed Combat
  1435 | D:2      | Reached XP level 4. HP: 28/36 MP: 4/4
  1470 | D:2      | Found a hide-covered altar of Uskayaw.
  1551 | D:3      | Reached ** piety under Elyvilon
  1605 | D:2      | Noticed Natasha
  1616 | D:2      | Killed Natasha
  1664 | D:2      | Noticed Natasha
  1674 | D:2      | Killed Natasha
  1675 | D:2      | Reached XP level 5. HP: 38/42 MP: 5/5
  2158 | D:3      | Noticed Terence
  2192 | D:3      | Killed Terence
  2330 | D:3      | Found a burning altar of Makhleb.
  2390 | D:3      | Found an ancient bone altar of Kikubaaqudgha.
  2722 | D:4      | Reached *** piety under Elyvilon
  2835 | D:4      | Reached XP level 6. HP: 44/51 MP: 6/6
  2986 | D:4      | Found a snail-covered altar of Cheibriados.
  3159 | D:5      | Entered Level 5 of the Dungeon
  3224 | D:5      | Reached skill level 5 in Unarmed Combat
  3347 | D:5      | Found a runed translucent door.
  3348 | D:5      | Noticed Crazy Yiuf
  3576 | D:5      | Your scales start taking on a fiery red colour.
  3576 | D:5      | Reached XP level 7. HP: 47/58 MP: 7/7
  3576 | D:5      | Gained mutation: Your flesh is heat resistant. (rF+) [Red
                  | Draconian growth]
  3904 | D:5      | Reached **** piety under Elyvilon
  3914 | D:5      | Found a staircase to the Ecumenical Temple.
  3949 | D:5      | Noticed Edmund
  3960 | D:5      | Killed Edmund
  3961 | D:5      | Reached skill level 6 in Unarmed Combat
  4036 | D:5      | Reached skill level 5 in Shapeshifting
  4176 | D:5      | Killed Crazy Yiuf
  4247 | D:6      | Reached XP level 8. HP: 67/67 MP: 8/8
  4473 | D:6      | Reached skill level 7 in Unarmed Combat
  4539 | D:6      | Reached skill level 5 in Fighting
  4899 | D:6      | Found an iron altar of Okawaru.
  5088 | D:6      | Reached XP level 9. HP: 74/74 MP: 9/9
  5475 | D:7      | Found Xiuwn's Book Shop.
  5508 | D:7      | Found a sand-covered staircase.
  5513 | Ossuary  | Entered an ossuary
  5639 | Ossuary  | Reached skill level 5 in Dodging
  5639 | Ossuary  | Reached skill level 8 in Unarmed Combat
  5929 | D:7      | Noticed a two-headed ogre
  5935 | D:7      | Killed a two-headed ogre
  6516 | D:8      | Reached ***** piety under Elyvilon
  6517 | D:8      | Noticed Prince Ribbit
  6523 | D:8      | Noticed Pikel
  6525 | D:8      | Reached skill level 9 in Unarmed Combat
  6552 | D:8      | Killed Pikel
  6553 | D:8      | Reached XP level 10. HP: 58/84 MP: 10/10
  6566 | D:8      | Killed Prince Ribbit
  6742 | D:8      | Found a radiant altar of Vehumet.
  6808 | D:8      | Noticed an orange demon
  6821 | D:8      | Killed an orange demon
  6853 | D:8      | Noticed Amaemon
  6869 | D:8      | Killed Amaemon
  6997 | D:8      | Reached skill level 10 in Unarmed Combat
  7132 | D:8      | Found a shimmering altar of Xom.
  7574 | D:9      | Noticed a two-headed ogre
  7653 | D:9      | Found a sparkling altar of Nemelex Xobeh.
  7731 | D:9      | Noticed a purple ugly thing
  7742 | D:9      | Killed a white ugly thing
  7979 | D:9      | Noticed a boulder beetle
  8048 | D:9      | Found a blossoming altar of Fedhas.
  8144 | D:9      | Killed a boulder beetle
  8145 | D:9      | Reached XP level 11. HP: 93/94 MP: 11/11
  8190 | D:9      | Found a shadowy altar of Dithmenos.
  8191 | D:9      | Found a hazy altar of Hepliaklqana.
  8250 | D:9      | Killed a two-headed ogre
  8251 | D:9      | Reached skill level 11 in Unarmed Combat
  8445 | D:10     | Entered Level 10 of the Dungeon
  8445 | D:10     | Noticed a two-headed ogre
  8447 | D:10     | Noticed a death yak
  8448 | D:10     | Noticed a death yak
  8450 | D:10     | Noticed a death yak
  8451 | D:10     | Noticed a death yak
  8452 | D:10     | Noticed a death yak
  8457 | D:9      | Killed a two-headed ogre
  8477 | D:10     | Noticed a death yak
  8490 | D:9      | Killed a death yak
  8498 | D:9      | Killed a death yak
  8846 | D:10     | Noticed a boulder beetle
  8914 | D:10     | Noticed Sonja
  9025 | D:10     | Found a basalt altar of Yredelemnul.
  9030 | D:10     | Found an opulent altar of Gozag.
  9031 | D:10     | Found a shimmering blue altar of Sif Muna.
  9032 | D:10     | Found a white marble altar of Elyvilon.
  9044 | D:10     | Killed a boulder beetle
  9117 | D:10     | Identified the +1 mace of Xicuy {holy, *Corrode Fly rPois
                  | rF+ Int-2}
  9122 | D:10     | Noticed Maurice
  9308 | D:10     | Killed Sonja
  9378 | D:10     | Killed Maurice
  9379 | D:10     | Reached skill level 12 in Unarmed Combat
  9445 | D:10     | Found a staircase to the Lair.
  9499 | D:9      | Killed a death yak
  9636 | D:9      | Killed a death yak
  9669 | D:9      | Killed a death yak
  9675 | D:9      | Killed a death yak
 10201 | Lair:1   | Entered Level 1 of the Lair of Beasts
 10201 | Lair:1   | Reached ****** piety under Elyvilon
 10218 | Lair:1   | Reached XP level 12. HP: 105/105 MP: 12/12
 10928 | Lair:1   | Reached skill level 13 in Unarmed Combat
 11109 | Lair:1   | Reached skill level 10 in Shapeshifting
 11237 | Lair:1   | Reached skill level 10 in Fighting
 11622 | Lair:2   | Noticed a five-headed hydra
 11638 | Lair:2   | Noticed a six-headed hydra
 11639 | Lair:2   | Killed a five-headed hydra
 11713 | Lair:2   | Killed a six-headed hydra
 12254 | Lair:2   | Reached skill level 14 in Unarmed Combat
 12346 | Lair:2   | Reached XP level 13. HP: 90/114 MP: 13/13
 13500 | Lair:2   | Found the +3 Mad Mage's Maulers {Infuse+∞ VampMP -Cast}
 13830 | Lair:2   | Reached skill level 15 in Unarmed Combat
 14053 | Lair:3   | Reached skill level 10 in Dodging
 14458 | Lair:2   | Found a hole to the Spider Nest.
 14562 | Lair:2   | Found a staircase to the Swamp.
 15491 | Lair:4   | Reached XP level 14. HP: 126/126 MP: 2/14
 16045 | Lair:4   | Reached skill level 16 in Unarmed Combat
 16361 | Lair:4   | Found a runed translucent door.
 16361 | Lair:4   | Found a viscous altar of Jiyva.
 16364 | Lair:4   | Found a staircase to the Slime Pits.
 16526 | Lair:5   | Entered Level 5 of the Lair of Beasts
 16593 | Lair:5   | Found a gate leading to a gauntlet.
 16615 | Gauntlet | Entered a Gauntlet
 16615 | Gauntlet | Found a transporter.
 16622 | Gauntlet | Found a transporter.
 16624 | Gauntlet | Found a transporter.
 16641 | Gauntlet | Found a transporter.
 16642 | Gauntlet | Found a transporter.
 16651 | Gauntlet | Found a transporter.
 16666 | Gauntlet | Found a transporter.
 16676 | Gauntlet | Found a transporter.
 16680 | Gauntlet | Found a transporter.
 16683 | Gauntlet | Found a transporter.
 16688 | Gauntlet | Found a transporter.
 16693 | Gauntlet | Found a transporter.
 16727 | Gauntlet | Found a transporter.
 16738 | Gauntlet | Found a transporter.
 16741 | Gauntlet | Found a runed translucent door.
 16797 | Gauntlet | Got the Secrets of Sizzling Orientation
 16886 | Gauntlet | Identified the ring "Ydisin" {rF+ MP+9}
 17128 | Gauntlet | Found the +16 obsidian axe {drain, demonic, Mesm ^Drain Fly
                  | SInv}
 17604 | Lair:5   | Paralysed by a hornet for 3 turns
 18384 | Lair:5   | Noticed Urug
 18413 | Lair:5   | Paralysed by Urug for 5 turns
 18664 | D:11     | You fall into a shaft and drop 3 floors!
 18819 | D:14     | Noticed Lodul
 18832 | D:14     | Killed Lodul
 18901 | D:14     | Found the ring of the Octopus King
 18905 | D:14     | Reached skill level 17 in Unarmed Combat
 18948 | D:14     | Identified a ring of the Octopus King {rC+ HP+2 AC+2 EV+2
                  | SH+2}
 19174 | D:14     | Reached XP level 15. HP: 136/136 MP: 7/15
 20152 | D:12     | Reached skill level 1 in Invocations
 20229 | D:12     | Found a staircase to the Orcish Mines.
 20610 | D:12     | Noticed a storm dragon
 20748 | Orc:1    | Entered Level 1 of the Orcish Mines
 21021 | Orc:1    | Found Jykhed's Assorted Antiques.
 21051 | Orc:1    | Bought a scroll of identify for 66 gold pieces
 21051 | Orc:1    | Bought a scroll of identify for 66 gold pieces
 21186 | Orc:2    | Entered Level 2 of the Orcish Mines
 21188 | Orc:2    | Found Zitwejou's General Store.
 21852 | Orc:2    | Found Boikod's Book Shoppe.
 21865 | Orc:2    | Bought a manual of Fighting for 1280 gold pieces
 22003 | Orc:2    | Found Fuikhabo's Antique Weapon Shoppe.
 22104 | Orc:2    | Found Azywisu's Weapon Shop.
 22160 | Orc:2    | Found a staircase to the Elven Halls.
 22212 | Orc:2    | Found Vevoloew's Antique Armour Shop.
 22799 | D:13     | Noticed Nessos
 22803 | D:13     | Killed Nessos
 22806 | D:13     | Found a gate to the Vaults.
 22808 | D:13     | Reached skill level 18 in Unarmed Combat
 22853 | D:13     | Noticed Rupert
 23203 | D:13     | Paralysed by Rupert for 2 turns
 23206 | D:13     | Killed Rupert
 24209 | D:15     | Entered Level 15 of the Dungeon
 24304 | D:15     | Reached skill level 5 in Invocations
 24309 | D:15     | Reached XP level 16. HP: 94/147 MP: 3/19
 24648 | D:15     | Reached skill level 15 in Fighting
 24823 | D:15     | Noticed Agnes
 24846 | D:15     | Killed Agnes
 24940 | D:15     | Noticed Jorgrun
 25234 | Swamp:1  | Entered Level 1 of the Swamp
 25240 | Swamp:1  | Noticed Louise
 25260 | Swamp:1  | Killed Louise
 25276 | Swamp:1  | Elyvilon protects you from harm!
 26272 | Swamp:1  | Reached skill level 19 in Unarmed Combat
 26278 | Swamp:1  | Elyvilon protects you from harm!
 26278 | Swamp:1  | Slain by a ghoul

Illustrated notes

Levels and vault maps discovered:
D:1:      spicycebolla_arrival_xxxplode, layout_loops_corners,
          hellmonk_ecumenical_altar_run_dry, minmay_pentomino_o2
D:2:      layout_loops_ring, basic_altar, grunt_decor_clamped, uniq_sigmund,
          uniq_jessica, uniq_natasha
D:3:      layout_loops_cross, bloody_makhleb, lemuel_zombie_altar_kikubaaqudgha,
          uniq_terence
D:4:      layout_basic, mainiacjoe_overflow_alcove_1
D:5:      layout_gridville, lemuel_temple_firewalk_a,
          minmay_misc_feat_secret_circle, hangedman_abyss_or_decor_stabs,
          uniq_edmund, uniq_crazy_yiuf_cottage
D:6:      layout_cave_pools, marbit_many_paths, minmay_circle_x
D:7:      layout_basic, enter_ossuary_2, serial_shops, shop, st_stairs_3,
          minivault_22
D:8:      layout_rooms, vehumet_statue, amcnicky_altar_gilded, uniq_pikel,
          uniq_amaemon, uniq_prince_ribbit1
D:9:      kennysheep_big_flooded_room, layout_irregular_city,
          riverfiend_overflow_shadow_ancestor, mainiacjoe_overflow_catwalk,
          nicolae_overflow_crystal_walls
D:10:     layout_cross, mainiacjoe_overflow_alcove_3, dpeg_lair_monsters,
          solitary_fountain, mrwooster_statue_mirror, serial_bayou_lake_a,
          uniq_sonja, uniq_maurice
D:11:     layout_rooms
D:12:     hourglass_vault, layout_stronghold, erik_orc_4
D:13:     layout_loops_ring, hangedman_vaults_entry_quadrant_bands,
          nicolae_elevator_lobby_plus, uniq_rupert, uniq_nessos
D:14:     layout_basic, nrook_pool_corridor, uniq_lodul
D:15:     gammafunk_depths_entry_grave, layout_basic, serial_undead,
          serial_undead_a, serial_undead_a, serial_undead_a, serial_undead_a,
          serial_undead_b, serial_undead_c, chequers_serial_rivers_small_a,
          grunt_decor_fettered, uniq_azrael, uniq_agnes, uniq_jorgrun
Lair:1:   layout_concentric_octagons, serial_rivers,
          chequers_serial_rivers_small_a, chequers_serial_rivers_small_b,
          chequers_serial_rivers_large_a, chequers_serial_rivers_large_b,
          chequers_serial_rivers_micro_a, chequers_serial_rivers_room_b,
          grunt_megastairs_2, infiniplex_staircase_pool_2
Lair:2:   nzn_winding_woodlands_huge [nzn_winding_woodlands_5x15_eye,
          nzn_winding_woodlands_5x15_pathside_ponds,
          nzn_winding_woodlands_5x15_parted, nzn_winding_woodlands_5x15_default,
          nzn_winding_woodlands_5x15_concentric,
          nzn_winding_woodlands_5x15_split_checker,
          nzn_winding_woodlands_5x15_garden,
          nzn_winding_woodlands_5x15_longhouse,
          nzn_winding_woodlands_5x15_cabin,
          nzn_winding_woodlands_5x15_river_crossing,
          nzn_winding_woodlands_center_garden,
          nzn_winding_woodlands_center_lodge,
          nzn_winding_woodlands_15x15_boxy_spiral], layout_loops_ring,
          minmay_swamp_entry_reptiles, hellmonk_spider_entry_not_the_bees
Lair:3:   layout_loops_ring, patterned_corridor
Lair:4:   layout_loops_ring, slime_entry_2, grunt_megastairs_1
Lair:5:   wormcave, layout_misc_corridors, gauntlet_entry_generic,
          serial_bayou_shore_b, uniq_urug
Swamp:1:  nicolae_swamp_flooded_prison, layout_basic_swamp, serial_swamp_ruin,
          evilmike_swamp_ruin_rubble_2, evilmike_swamp_ruin_house_2,
          nicolae_swamp_long_stream, infiniplex_staircase_pool, uniq_louise
Orc:1:    layout_diamond_mine, serial_shops, nicolae_shop_window_shopping,
          basic_altar
Orc:2:    grunt_orc_gardens, layout_caves, grunt_orc_garden, grunt_orc_garden,
          grunt_orc_garden, grunt_orc_garden, serial_shops, shop

Skill      XL: |  1  2  3  4  5  6  7  8  9 10 11 12 13 14 15 16 |
---------------+-------------------------------------------------+-----
Dodging        | 2 3 4 5 6 8 9 10 11 | 11.4
Fighting       | 2 3 4 5 6 8 9 10 12 13 14 15 | 15.6
Unarmed Combat | 4 5 6 7 9 10 12 14 15 17 18 19 | 19.0
Shapeshifting  | 4 5 6 7 8 9 10 11 12 13 | 13.5
Invocations    | 5 6 |  6.4

Action                     |  1- 3 |  4- 6 |  7- 9 | 10-12 | 13-15 | 16-18 || total
---------------------------+-------+-------+-------+-------+-------+-------++-------
  Melee: Unarmed           |    86 |   136 |   260 |   514 |  1102 |   152 ||  2250
         Tailslap          |    13 |    22 |    47 |   103 |   212 |    26 ||   423
         Punch             |       |     5 |    13 |       |    54 |    23 ||    95
         Maw               |       |       |       |       |   121 |    55 ||   176
 Invoke: Purification      |       |       |     2 |       |       |       ||     2
         Heal Self         |       |       |     1 |       |       |       ||     1
Ability: Breathe Fire      |       |       |    22 |    31 |    28 |     1 ||    82
         Begin Untransform |       |       |     1 |       |     1 |       ||     2
  Evoke: Wand              |       |       |       |     1 |     2 |     1 ||     4
         Phantom mirror    |       |       |       |       |     1 |     1 ||     2
    Use: Potion            |       |     1 |     1 |       |       |     1 ||     3
         Scroll            |       |       |     7 |       |    13 |       ||    20
   Stab: Sleeping          |       |     4 |       |       |     7 |       ||    11
         Distracted        |       |       |       |       |     4 |       ||     4
 Armour: Skin              |    64 |    87 |   143 |   289 |   529 |    87 ||  1199
  Dodge: Dodged            |    70 |    91 |   155 |   490 |   924 |    80 ||  1810
  Block: Other             |       |       |       |       |    24 |     3 ||    27
   Form: Flux              |       |       |     1 |       |       |       ||     1
         Maw               |       |       |       |       |     1 |       ||     1
